 Dungeon Crawl Stone Soup version 0.21.1-1-g345015f (webtiles) character file.

18314 vatarom the Summoner (level 12, -6/76 HPs)
             Began as a Deep Elf Summoner on Mar 30, 2018.
             Was a Priest of Sif Muna.
             Mangled by an entropy weaver (7 damage)
             ... on level 5 of the Lair of Beasts.
             The game lasted 00:42:46 (20166 turns).

vatarom the Summoner (Deep Elf Summoner)           Turns: 20166, Time: 00:42:47

Health: -6/76      AC:  0    Str:  8    XL:     12   Next: 26%
Magic:  23/30      EV: 16    Int: 23    God:    Sif Muna [***...]
Gold:   804        SH:  5    Dex: 15    Spells: 18/35 levels left

rFire    + . .     SeeInvis .   k - +2 whip (elec)
rCold    . . .     Gourm    .   (no shield)
rNeg     . . .     Faith    .   a - +0 robe
rPois    +         Spirit   .   I - +0 hat
rElec    .         Reflect  +   (no cloak)
rCorr    .         Harm     .   i - +0 pair of gloves
MR       +....                  K - +0 pair of boots
Stlth    ++........             e - +5 amulet of reflection
HPRegen  0.22/turn              s - ring of poison resistance
MPRegen  0.22/turn              (no ring)

@: corroded, very slightly contaminated, divine energy
A: fire resistance 1, sturdy frame 1
a: Stop Divine Energy, Channel Magic, Renounce Religion


You were on level 5 of the Lair of Beasts.
You worshipped Sif Muna.
Sif Muna was most pleased with you.
You were not hungry.

You visited 3 branches of the dungeon, and saw 17 of its levels.
You also visited: Sewer.

You collected 804 gold pieces.

Inventory:

Hand Weapons
 k - a +2 whip of electrocution (weapon)
Armour
 a - a +0 robe (worn)
 i - a +0 pair of gloves (worn)
 I - a +0 hat (worn)
 K - a +0 pair of boots (worn)
Jewellery
 e - a +5 amulet of reflection (around neck)
 m - an uncursed ring of flight
 p - an uncursed ring of positive energy
 s - a ring of poison resistance (left hand)
 L - an uncursed ring of ice
Wands
 b - a wand of scattershot (2)
 f - a wand of flame (12)
 F - a wand of paralysis (16)
 M - a wand of polymorph (15)
 N - a wand of digging (13)
 P - a wand of disintegration (12)
Scrolls
 h - 5 scrolls of enchant armour
 l - 3 scrolls of immolation
 t - 5 scrolls of fear
 u - 5 scrolls of remove curse
 v - 4 scrolls of magic mapping
 x - a scroll of teleportation
 E - 2 scrolls of fog
 G - 2 scrolls of brand weapon
 J - a scroll of silence
 Q - a scroll of blinking
Potions
 d - 4 potions of agility
 g - 4 potions of might
 n - 2 potions of flight
 o - a potion of curing
 w - a potion of invisibility
 z - 3 potions of degeneration
 B - 3 potions of lignification
 D - 2 potions of cancellation
Comestibles
 c - 22 rations


   Skills:
 + Level 9.4 Fighting
 - Level 6.4 Dodging
 - Level 2.4 Stealth
 + Level 12.0 Spellcasting
 + Level 12.4 Summonings
 * Level 9.1 Invocations


You had 18 spell levels left.
You knew the following spells:

 Your Spells              Type           Power        Failure   Level  Hunger
a - Summon Small Mammal   Summ           ####         1%          1    None
b - Call Imp              Summ           ######..     1%          2    None
c - Call Canine Familiar  Summ           ######..     1%          3    None
d - Summon Guardian Gole  Hex/Summ       #####...     1%          3    None
e - Summon Lightning Spi  Summ/Air       #####...     3%          4    None
f - Summon Ice Beast      Ice/Summ       #####...     3%          4    None


Dungeon Overview and Level Annotations

Branches:
Dungeon (10/15)            Temple (1/1) D:6            Lair (6/6) D:8
 Shoals (0/4) Lair:3        Snake (0/4) Lair:3        Slime (0/5) Lair:5
    Orc (0/2) D:9

Altars:
Ashenzari
Cheibriados
Dithmenos
Elyvilon
Fedhas
Gozag
Hepliaklqana
Kikubaaqudgha
Makhleb
Nemelex Xobeh
Okawaru
Qazlal
Ru
Sif Muna
Trog
Uskayaw
Vehumet
Wu Jian
Xom
Yredelemnul
Zin
The Shining One

Shops:
D:6 (


Innate Abilities, Weirdness & Mutations

Your flesh is heat resistant. (rF+)
Your movements are slightly less encumbered by armour. (ER -2)


Message History

You miscast Summon Ice Beast.
You are very lightly contaminated with residual magic.
Something appears in a flash of light!
The entropy weaver casts a spell.
The entropic weave corrodes you!
Your ice beast hits the entropy weaver.
Your ice beast freezes the entropy weaver!
Your ice beast closely misses the entropy weaver.
The white imp misses you. The entropy weaver hits you.
You block the entropy weaver's attack. The entropy weaver closely misses you.
The entropy weaver hits you!
Your ice beast closely misses the entropy weaver.
The white imp gestures at you. The puff of frost hits you!
* * * LOW HITPOINT WARNING * * *
Unknown command.
Okay, then.
The entropy weaver hits you!
* * * LOW HITPOINT WARNING * * *
The entropy weaver hits you!
You die...

#...................(..........
##..#..#P##............#......#
##....####........P##.###......
##..................###.#.#P...#
#P...P...÷.#.......###....P.....
###...#...##.......P#..........#
##........÷........######P....#
##^........P.......#####.##...##
#.#....P#......@..............#.
##.............aY...............
#............5.>...............
#.#...#.###...#####..P.#.#####.
##.###### ##### #.###### ## ###
### #


You could see an entropy weaver, a white imp and a friendly ice beast.

Vanquished Creatures
  Snorg (Lair:4)
  Pikel (D:4)
  A spiny frog (Lair:2)
  Prince Ribbit (D:7)
  A hippogriff (Lair:1)
  2 spriggans (Lair:1)
  2 water moccasins
  A porcupine (Lair:1)
  A slave (D:4)
  A wolf (Lair:3)
  2 centaurs (D:8)
  A crocodile (Lair:2)
  5 bullfrogs
  A scorpion (D:4)
  A howler monkey (D:8)
  A crimson imp (D:7)
  A bullfrog skeleton (D:8)
  A worker ant (D:6)
  Ijyb (D:4)
  A howler monkey zombie (D:5)
  An adder (D:8)
  An adder zombie (D:8)
  A leopard gecko (D:2)
  8 orcs
  A ball python (Sewer)
  A giant cockroach (D:2)
  2 goblins
  3 hobgoblins
  6 jackals
  5 kobolds
  A quokka (D:5)
  6 bats
  A frilled lizard (D:1)
  A giant cockroach zombie (D:6)
  A goblin skeleton (D:9)
  An orc skeleton (D:9)
  An orc zombie (D:9)
  A quokka skeleton (D:9)
  A rat (D:2)
70 creatures vanquished.

Vanquished Creatures (collateral kills)
  Kirke (Lair:4)
  The ghost of Supreme the Unseen, a journeyman SpEn of Dithmenos (Lair:4)
  A hydra (Lair:4)
  2 death yaks
  2 two-headed ogres (D:8)
  The ghost of shugdite the Basher, a novice MiGl of Okawaru (D:6)
  An oklob plant (Lair:5)
  A deep elf mage (D:9)
  A merfolk siren (Lair:3)
  6 elephants (Lair:2)
  3 black mambas
  A guardian serpent (Lair:3)
  2 torpor snails
  An eye of devastation (Lair:5)
  8 spiny frogs
  4 komodo dragons
  2 ice devils (Lair:5)
  A hornet (D:9)
  A polar bear (Lair:6)
  3 dream sheep (Lair:5)
  10 blink frogs
  5 hippogriffs
  Sigmund (D:5)
  9 spriggans
  A basilisk (Lair:1)
  24 yaks
  A hungry ghost (D:9)
  3 hogs (Lair:4)
  7 soldier ants (Lair:6)
  6 water moccasins
  7 porcupines
  3 sky beasts
  2 slaves (D:5)
  Purgy (Sewer)
  An orc warrior (D:7)
  2 ice beasts
  2 eyes of draining
  3 phantoms
  A necrophage (D:6)
  An ogre (D:9)
  7 wolves
  2 centaurs (D:8)
  7 crocodiles
  Blork the orc (D:4)
  3 big kobolds (D:8)
  9 bullfrogs
  A scorpion (D:9)
  6 killer bees (D:7)
  A howler monkey (D:8)
  A centaur zombie (D:6)
  A bullfrog zombie (D:6)
  A hound (D:4)
  8 orc priests
  5 orc wizards
  A bullfrog skeleton (D:8)
  7 iguanas
  10 worker ants
  8 ogre zombies (D:9)
  Robin (D:4)
  4 gnolls (D:2)
  10 adders
  A shadow imp (D:2)
  An adder skeleton (D:9)
  2 worms
  A dart slug (D:2)
  A leopard gecko (D:2)
  22 orcs
  A ball python (D:2)
  A giant cockroach (D:6)
  7 goblins (D:4)
  8 hobgoblins
  5 jackals
  A quokka (D:2)
  4 bats
  10 frilled lizards
  2 goblin skeletons (D:9)
  A goblin zombie (D:9)
  A hobgoblin skeleton (D:9)
  A hobgoblin zombie (D:9)
  21 kobolds
  A leopard gecko skeleton (D:4)
  4 orc skeletons (D:9)
  13 orc zombies (D:9)
  A quokka skeleton (D:9)
  4 rats
  4 fungi
345 creatures vanquished.

Vanquished Creatures (others)
  A bullfrog skeleton (D:5)
  8 fungi
  2 plants
11 creatures vanquished.

Grand Total: 426 creatures vanquished

Notes
Turn   | Place    | Note
-------+----------+-------------------------------------------
     0 | D:1      | vatarom the Deep Elf Summoner began the quest for the Orb.
     0 | D:1      | Reached XP level 1. HP: 10/10 MP: 6/6
   231 | D:1      | Found an iron altar of Okawaru.
   729 | D:2      | Reached XP level 2. HP: 15/15 MP: 4/8
   733 | D:2      | Learned a level 2 spell: Call Imp
  1125 | D:2      | Reached skill level 5 in Summonings
  1183 | D:2      | Reached XP level 3. HP: 17/19 MP: 10/10
  1255 | D:2      | Found a shattered altar of Ashenzari.
  1800 | D:2      | Learned a level 3 spell: Call Canine Familiar
  2231 | D:3      | Reached XP level 4. HP: 17/24 MP: 12/12
  2254 | D:3      | Found a glowing drain.
  2265 | Sewer    | Entered a sewer
  2317 | Sewer    | Noticed Purgy
  2334 | Sewer    | Killed Purgy
  2334 | Sewer    | Reached skill level 1 in Fighting
  2834 | D:3      | Reached XP level 5. HP: 29/29 MP: 13/13
  2861 | D:3      | Learned a level 3 spell: Summon Guardian Golem
  3070 | D:4      | Noticed Robin
  3089 | D:4      | Killed Robin
  3319 | D:4      | Noticed a phantom
  3360 | D:4      | Killed a phantom
  3455 | D:4      | Learned a level 4 spell: Summon Lightning Spire
  3513 | D:4      | Noticed Blork the orc
  3525 | D:4      | Killed Blork the orc
  3628 | D:4      | Found an ancient bone altar of Kikubaaqudgha.
  3796 | D:4      | Reached XP level 6. HP: 35/35 MP: 7/15
  3802 | D:4      | Found an opulent altar of Gozag.
  3819 | D:4      | Noticed Ijyb
  3844 | D:4      | Reached skill level 5 in Spellcasting
  3858 | D:4      | Killed Ijyb
  4101 | D:5      | Entered Level 5 of the Dungeon
  4622 | D:5      | Noticed Sigmund
  4628 | D:5      | Killed Sigmund
  4628 | D:5      | Reached XP level 7. HP: 41/41 MP: 11/17
  4866 | D:5      | Noticed Pikel
  4877 | D:5      | HP: 1/41 [slave[Pikel] (3)]
  5096 | D:4      | Killed Pikel
  5322 | D:5      | Found a deep blue altar of Sif Muna.
  5334 | D:5      | Became a worshipper of Sif Muna the Loreminder
  5353 | D:5      | Found a blossoming altar of Fedhas.
  5355 | D:5      | Found a glowing golden altar of the Shining One.
  5994 | D:6      | Reached XP level 8. HP: 43/48 MP: 19/19
  6061 | D:6      | Noticed shugdite's ghost (novice MiGl)
  6101 | D:6      | Killed shugdite's ghost
  6247 | D:6      | Found Musotada's Weapon Boutique.
  6387 | D:6      | Found a staircase to the Ecumenical Temple.
  6501 | Temple   | Entered the Ecumenical Temple
  6780 | D:6      | Found a blossoming altar of Fedhas.
  6792 | D:6      | Reached skill level 5 in Fighting
  6854 | D:7      | Noticed a hippogriff
  7208 | D:7      | Learned a level 4 spell: Summon Ice Beast
  7237 | D:7      | Killed a hippogriff
  7237 | D:7      | Reached * piety under Sif Muna
  7426 | D:7      | Noticed Prince Ribbit
  7429 | D:7      | Killed Prince Ribbit
  7540 | D:7      | Reached XP level 9. HP: 44/55 MP: 13/22
  8310 | D:8      | Found a staircase to the Lair.
  8558 | D:8      | Found a shimmering altar of Xom.
  8559 | D:8      | Noticed a two-headed ogre
  8569 | D:8      | Killed a two-headed ogre
  8569 | D:8      | Reached ** piety under Sif Muna
  8569 | D:8      | Reached skill level 10 in Summonings
  8681 | D:8      | Noticed a two-headed ogre
  8717 | D:8      | Killed a two-headed ogre
  9987 | D:9      | Reached XP level 10. HP: 63/63 MP: 10/25
 10113 | D:9      | Noticed a deep elf mage
 10127 | D:9      | Killed a deep elf mage
 10408 | D:9      | Found a staircase to the Orcish Mines.
 10494 | D:9      | Reached *** piety under Sif Muna
 11094 | D:10     | Entered Level 10 of the Dungeon
 11146 | Lair:1   | Entered Level 1 of the Lair of Beasts
 11852 | Lair:1   | Reached skill level 1 in Invocations
 12172 | Lair:1   | Noticed a spiny frog
 12179 | Lair:1   | Killed a spiny frog
 12179 | Lair:1   | Reached skill level 5 in Dodging
 12468 | Lair:1   | Reached skill level 10 in Spellcasting
 12512 | Lair:1   | Noticed a spiny frog
 12520 | Lair:1   | Killed a spiny frog
 13031 | Lair:2   | Noticed a spiny frog
 13042 | Lair:2   | Killed a spiny frog
 13476 | Lair:2   | Noticed a spiny frog
 13486 | Lair:2   | Killed a spiny frog
 13787 | Lair:2   | Noticed an elephant
 13787 | Lair:2   | Noticed an elephant
 13794 | Lair:2   | Noticed an elephant
 13795 | Lair:2   | Noticed an elephant
 13798 | Lair:2   | Noticed an elephant
 13799 | Lair:2   | Noticed an elephant
 13804 | Lair:2   | Killed an elephant
 13804 | Lair:2   | Reached XP level 11. HP: 69/69 MP: 5/27
 14222 | Lair:2   | Reached skill level 5 in Invocations
 14688 | Lair:3   | Found a staircase to the Snake Pit.
 15482 | Lair:3   | Found a staircase to the Shoals.
 15848 | Lair:4   | Noticed Supreme's ghost (journeyman SpEn)
 16614 | Lair:4   | Killed Supreme's ghost
 17133 | Lair:4   | Noticed Snorg
 17143 | Lair:4   | Killed Snorg
 17298 | Lair:4   | Noticed Kirke
 17310 | Lair:4   | Killed Kirke
 17440 | Lair:4   | Noticed an eight-headed hydra
 17440 | Lair:4   | Noticed a seven-headed hydra
 17460 | Lair:4   | Killed an eight-headed hydra
 17886 | Lair:5   | Noticed an oklob plant
 17893 | Lair:5   | Killed an oklob plant
 18091 | Lair:5   | Found a staircase to the Slime Pits.
 18345 | Lair:5   | Gained mutation: Your flesh is heat resistant. (rF+) [potion of mutation]
 18345 | Lair:5   | Gained mutation: Your movements are slightly less encumbered by armour. (ER -2) [potion of mutation]
 18371 | Lair:5   | Reached XP level 12. HP: 76/76 MP: 10/29
 19083 | Lair:6   | Entered Level 6 of the Lair of Beasts
 19427 | Lair:6   | Noticed an entropy weaver
 19436 | Lair:6   | Noticed a deep troll shaman
 19436 | Lair:6   | Noticed a death yak
 19436 | Lair:6   | Noticed a death yak
 19723 | Lair:6   | Noticed a death yak
 19734 | Lair:6   | Noticed a death yak
 19741 | Lair:6   | Noticed a death yak
 19755 | Lair:6   | Killed a death yak
 19777 | Lair:5   | Killed a death yak
 20166 | Lair:5   | HP: 1/76 [entropy weaver (13)]
 20166 | Lair:5   | Mangled by an entropy weaver

Skill      XL: |  1  2  3  4  5  6  7  8  9 10 11 12 |
---------------+-------------------------------------+-----
Summonings     | 5 6 7 9 10 11 12 | 12.4
Dodging        | 3 6 |  6.4
Spellcasting   | 4 5 6 7 9 10 11 12 | 12.0
Fighting       | 1 2 3 4 5 7 8 9 |  9.4
Invocations    | 4 8 9 |  9.1
Stealth        | |  2.4

Action                   |  1- 3 |  4- 6 |  7- 9 | 10-12 || total
-------------------------+-------+-------+-------+-------++-------
Melee: Spear             |    46 |    48 |       |       ||    94
       Unarmed           |     7 |       |       |       ||     7
       Halberd           |       |    48 |     6 |       ||    54
       Whip              |       |       |   147 |   104 ||   251
 Cast: Summon Small Mamm |    26 |     2 |       |       ||    28
       Call Imp          |    20 |    28 |    11 |     4 ||    63
       Call Canine Famil |     4 |    15 |    20 |    26 ||    65
       Summon Guardian G |       |     6 |     8 |     7 ||    21
       Summon Lightning  |       |     3 |    34 |    46 ||    83
       Summon Ice Beast  |       |       |    37 |   174 ||   211
Invok: Divine Energy     |       |       |     1 |       ||     1
       Channel Magic     |       |       |       |     9 ||     9
Evoke: Wand              |       |       |     1 |     2 ||     3
  Use: Scroll            |     4 |     7 |     1 |    22 ||    34
       Potion            |       |     6 |     1 |    11 ||    18
 Stab: Sleeping          |     2 |     3 |     2 |     1 ||     8
       Distracted        |       |     1 |     1 |     2 ||     4
  Eat: Chunk             |     5 |     4 |    14 |    16 ||    39
       Ration            |       |     2 |     3 |     7 ||    12
Armor: Robe              |    13 |    15 |    20 |    15 ||    63
Dodge: Dodged            |    26 |    67 |    98 |   143 ||   334
Block: Other             |    16 |    32 |    44 |    60 ||   152
       Reflection        |     1 |       |     1 |       ||     2
